 BcadrenCrawl: Boulder Brew version 0.06-688-g08e91b2d95 (webtiles) character file.

Game seed: 14350111665984030183

70 Leeroy the Priest (level 4, 59/59 HPs) Hill Orc Priest. Began on Jan 22, 2023. Was a Believer of Beogh. Quit the game on level 1 of the Dungeon. The game lasted 00:02:06 (366 turns).

Leeroy the Priest (Hill Orc Priest)                  Turns: 366, Time: 00:02:06

Health: 59/59      AC:  2    Str: 19    XL:     4 ^: 65
Magic:  8/8        EV: 12    Int: 10    God:    Beogh [2* [58]]
Gold:   0          SH:  0    Dex:  8    Spells: 3/3 levels left

rFire    . . .     Slash    x     - Unarmed
rCold    . . .     Pierce   .     - Unarmed
rNeg     . . .     Bludgeon .   a - +0 robe
rCorr    . . .     Vision   .   (no helmet)
rPois    .         Gourm    .   (no cloak)
rElec    .         Faith    .   (no gloves)
MR       .....     Spirit   .   (no boots)
HPRegen  0.29/turn Reflect  .   (no amulet)
MPRegen  0.18/turn Harm     .   (no ring)
Stlth    ++........             (no ring)

@: no status effects
A: soft flesh
a: Smiting, Renounce Religion


You were on level 1 of the Dungeon.
You worshipped Beogh.
Beogh was pleased with you.
You were not hungry.

You visited 1 branch of the dungeon, and saw 1 of its levels.
You also visited: Temple.

Inventory:

Weapons
 d - a +0 dagger of electrocution
Armour
 a - a +0 robe (worn)
Jewellery
 c - an uncursed ring of poison resistance
Comestibles
 b - a ration
 f - 10 chunks of flesh


   Skills:
 + Level 1.8 Dodging
 + Level 1.8 Stealth
 + Level 4.4 Unarmed Combat
 + Level 5.7 Invocations


You had 3 spell levels left.
You didn't know any spells.
Your spell library was empty.

Dungeon Overview and Level Annotations

Branches:
Dungeon (1/8)

Altars:


Innate Abilities, Weirdness & Mutations

Your soft flesh is weak to deep cuts.
Heavy manmade armour will nullify this weakness. (rSlashing-)


Message History

a goblin skeleton
Things that are here:
a +0 club a cursed ring of teleportation {(Curse: *Drain)} a goblin skeleton A bat comes into view.
Unknown command.
Found a +0 chain mail.
Found a +0 robe.
The bat barely misses you. The bat barely misses you.
The bat hits you but does no damage.
You hit the bat (4).
You kill the bat!
Beogh accepts your kill.
No target in view!
No target in view!
No target in view!
No target in view!
No target in view!
Are you sure you want to abandon this character and quit the game? (Confirm with "yes".)

....####..#.#...#
.....##..#..###.# ###
###......#..###.#####..#
#####..................#
...........#........####
.....##......##.......##
..... #................#
..... #.#...##..........
..... #...#..#..@.......
..... .#.##.....†......
.... ##........... ....
#.#........[ ....
......[...... ....
..#.#......... .... ##.
.#......... .... . .
.......... ....


There were no monsters in sight!

Vanquished Creatures
  2 giant cockroaches (D:1)
  4 cinder newts (D:1)
  3 goblins (D:1)
  A hobgoblin (D:1)
  A kobold (D:1)
  4 bats (D:1)
  A rat (D:1)
16 creatures vanquished.

Notes
Turn   | Place    | Note
-------+----------+-------------------------------------------
     0 | Start Te | Leeroy the Hill Orc Priest began the quest for the Orb.
     0 | Start Te | Reached XP level 1. HP: 29/29 MP: 3/3
     0 | Start Te | Found a sparkling altar of Nemelex Xobeh.
     1 | Start Te | Found a basalt altar of Yredelemnul.
     1 | Start Te | Found a white marble altar of Elyvilon.
     2 | Start Te | Found an iron altar of Okawaru.
     3 | Start Te | Found a glowing silver altar of Zin.
     3 | Start Te | Found a blossoming altar of Fedhas.
     4 | Start Te | Found a stormy altar of Qazlal.
     5 | Start Te | Found a glowing golden altar of the Shining One.
     5 | Start Te | Found an opulent altar of Gozag.
     6 | Start Te | Found a sacrificial altar of Ru.
     7 | Start Te | Found an ornate altar of Bahamut and Tiamat.
     7 | Start Te | Found a hazy altar of Hepliaklqana.
    31 | Start Te | Became a worshipper of Beogh the Brigand
    31 | Start Te | Reached * piety under Beogh
    31 | Start Te | Reached ** piety under Beogh
    51 | D:1      | Reached skill level 5 in Invocations
    51 | D:1      | Reached XP level 2. HP: 36/39 MP: 3/5
    61 | D:1      | Reached XP level 3. HP: 37/49 MP: 1/6
   293 | D:1      | Reached XP level 4. HP: 58/59 MP: 8/8
   366 | D:1      | Quit the game

Illustrated notes

Levels and vault maps discovered:
D:1:      matt_arrival_grand_opening, layout_rooms, cheibriados_altar_1

Skill      XL: |  1  2  3 |
---------------+----------+-----
Invocations    | 5 |  5.7
Unarmed Combat | 4 |  4.4
Dodging        | |  1.8
Stealth        | |  1.8

Action                   |  1- 3 |  4- 6 || total
-------------------------+-------+-------++-------
Melee: Unarmed           |    30 |    15 ||    45
Invok: Smiting           |     1 |       ||     1
Armor: Robe              |     3 |     4 ||     7
Dodge: Dodged            |     9 |     3 ||    12
